 Dungeon Crawl Stone Soup version 0.13-a0-2484-gc765b08 (webtiles) character file.

257 Rycklaryybbe the Sneak (level 5, -1/38 HPs)
             Began as a Vampire Skald on July 20, 2013.
             Slain by an orc
             ... wielding a +0,+0 orcish flail
              (3 damage)
             ... on Level 3 of the Dungeon.
             The game lasted 00:06:57 (2862 turns).

Rycklaryybbe the Sneak (Vampire Skald)              Turns: 2862, Time: 00:07:00

HP  -1/38        AC  4     Str 11      XL: 5   Next:  1%
MP  10/10        EV 10     Int 14      God:
Gold 118         SH  0     Dex 14      Spells:  2 memorised,  5 levels left

Res.Fire  : . . .   See Invis. : +   i - +0,+2 orc dagger (vamp)
Res.Cold  : . . .   Warding    : .   b - +0 leather armour
Life Prot.: + . .   Conserve   : .   (no shield)
Res.Poison: .       Res.Corr.  : .   r - +0 helmet
Res.Elec. : .       Clarity    : .   (no cloak)
Sust.Abil.: . .     Spirit.Shd : .   (no gloves)
Res.Mut.  : .       Stasis     : .   (no boots)
Res.Rott. : .       Flight     : .   (no amulet)
Saprovore : . . .                    t - ring of positive energy {unknown}
                                     p - ring of protection from magic {unknown}

@: regenerating quickly, quite resistant to hostile enchantments, very stealthy
A: fangs 3, see invisible, unbreathing
a: no special abilities


You were on level 3 of the Dungeon.
You were very full.

You visited 1 branch of the dungeon, and saw 3 of its levels.

You collected 98 gold pieces.

Inventory:

Hand weapons
 a - a +0,+0 short sword
 i - a +0,+2 orcish vampiric dagger (weapon)
 m - a cursed +0,-2 sling
Armour
 b - a +0 leather armour (worn)
 e - a +0 robe
 r - a +0 helmet (worn)
Scrolls
 f - 5 scrolls of remove curse {unknown}
 h - a scroll of teleportation {unknown}
 k - 3 scrolls of identify {unknown}
 l - a scroll of enchant weapon II {unknown}
 n - a scroll of fog {unknown}
 s - a scroll of fear {unknown}
Jewellery
 p - a ring of protection from magic (left hand) {unknown}
 t - a ring of positive energy (right hand) {unknown}
Potions
 d - a potion of invisibility {unknown}
 j - a potion of slowing {unknown}
 o - a potion of speed {unknown}
 q - a potion of might {unknown}
 u - a potion of brilliance {unknown}
Books
 c - a book of Battle

   Spells                             Type                      Level
   *Infusion                          Charms                       1
   *Shroud of Golubria                Charms/Translocation         2
   Song of Slaying                    Charms                       2
   Spectral Weapon                    Hexes/Charms                 3
   Regeneration                       Charms/Necromancy            3
   Song of Shielding                  Charms                       4


   Skills:
 - Level 1.7 Fighting
 - Level 2.1 Short Blades
 - Level 0.7 Armour
 - Level 1.1 Dodging
 + Level 7.5 Stealth
 - Level 2.0 Spellcasting
 - Level 3.2 Charms


You had 5 spell levels left.
You knew the following spells:

 Your Spells              Type           Power        Failure   Level  Hunger
a - Infusion              Chrm           ##....       10%         1    ##.....
b - Shroud of Golubria    Chrm/Tloc      #.........   21%         2    ###....


Dungeon Overview and Level Annotations

Branches:
Dungeon (3/27)

Altars:


Innate Abilities, Weirdness & Mutations

Your natural rate of healing is unusually fast.
You have razor-sharp teeth.*
You have supernaturally acute eyesight.
You can survive without breathing.*


Message History

You feel better.
The orc wizard hits you with an orcish dagger.
The orc closely misses you.
The orc wizard hits you with an orcish dagger.
* * * LOW HITPOINT WARNING * * *
The orc priest hits you but does no damage.
Drink which item? (? for menu, Esc to quit)
You feel better.
The orc wizard hits you with an orcish dagger.
The orc hits you with an orcish flail. The orc barely misses you.
The orc priest mumbles some strange prayers to Beogh against you.
Something smites you!
* * * LOW HITPOINT WARNING * * *
You draw the orc priest's blood!
You feel better.
You feel slightly more full.
You hit the orc priest but do no damage.
The orc priest is heavily wounded.
The orc wizard hits you with an orcish dagger.
* * * LOW HITPOINT WARNING * * *
The orc hits you with an orcish flail.
You die...

#################
#...............# ##
#.#############.#####
#. #.# #.#.).### #.
#.# #...)...# #.#
########.......# #.#
#.......oo.....# ..#
#.######o@o....# ###
###........ #...#.#.
......# ####### #. #.
## ## .. ##


You could see an orc priest, an orc wizard and 2 orcs.

Vanquished Creatures
  Jessica (D:3)
  Terence (D:3)
  4 adders
  2 worms
  An ooze (D:2)
  4 orcs (D:3)
  6 bats
  3 giant cockroaches
  4 hobgoblins
  2 jackals (D:3)
  5 kobolds
  2 quokkas (D:2)
  2 giant geckos
  A giant newt (D:1)
  10 goblins
  6 rats
54 creatures vanquished.

Notes
Turn   | Place    | Note
--------------------------------------------------------------
     0 | D:1      | Rycklaryybbe, the Vampire Skald, began the quest for the Orb.
     0 | D:1      | Reached XP level 1. HP: 15/15 MP: 4/4
   261 | D:1      | Reached skill level 1 in Stealth
   903 | D:1      | Reached XP level 2. HP: 21/21 MP: 6/6
  1168 | D:2      | Reached skill level 4 in Stealth
  1312 | D:2      | Reached XP level 3. HP: 18/26 MP: 7/7
  1812 | D:2      | Learned a level 2 spell: Shroud of Golubria
  1826 | D:2      | Reached skill level 5 in Stealth
  2195 | D:2      | Reached XP level 4. HP: 32/32 MP: 9/9
  2391 | D:3      | Reached skill level 6 in Stealth
  2455 | D:3      | Noticed Terence
  2458 | D:3      | Killed Terence
  2684 | D:3      | Noticed Jessica
  2693 | D:3      | Killed Jessica
  2693 | D:3      | Reached skill level 7 in Stealth
  2818 | D:3      | Reached XP level 5. HP: 38/38 MP: 10/10
  2862 | D:3      | Slain by an orc

Action                   |  1- 3 |  4- 6 || total
-------------------------+-------+-------++-------
Melee: Dagger            |   151 |    88 ||   239
       Short sword       |     2 |       ||     2
 Cast: Infusion          |     4 |       ||     4
       Shroud of Golubri |     1 |       ||     1
  Use: Potion            |       |     3 ||     3
 Stab: Sleeping          |     4 |     5 ||     9
       Distracted        |       |     1 ||     1
